NYP
EUGENE EMERALDS @ AUBURN DOUBLEDAYS
08/16/2048
 
TOP OF THE 1ST
Eugene Emeralds batting - Pitching for Auburn Doubledays : RHP Jimmy Purscell
Pitching: RHP Jimmy Purscell
Batting: RHB Du Kim 0-0: Ball
1-0: Ball
2-0: Foul Ball, location: 2F
2-1: Called Strike
2-2: Ball
3-2: Ground out 4-3 (Groundball, 4M, EV 108.8 MPH)
Batting: RHB Ricky Ramirez 0-0: Ball
1-0: Ground out 1-3 (Groundball, 15, EV 65.0 MPH)
Batting: RHB Mike Hill 0-0: Ball
1-0: Called Strike
1-1: SINGLE (Flyball, 9LM, EV 100.0 MPH)
Batting: RHB Adrian Cox 0-0: Swinging Strike
0-1: Swinging Strike
0-2: Ball
1-2: Strikes out swinging
Top of the 1st over - 0 runs, 1 hit, 0 errors, 1 left on base; Eugene 0 - Auburn 0
BOTTOM OF THE 1ST
Auburn Doubledays batting - Pitching for Eugene Emeralds : RHP Luis Solis
Pitching: RHP Luis Solis
Batting: LHB Chris Williams 0-0: Ball
1-0: Foul Ball, location: 2F
1-1: Swinging Strike
1-2: Ball
2-2: Ball
3-2: Base on Balls
Batting: LHB Bobby Adams 0-0: Ball
1-0: Called Strike
Chris Williams steals 2nd base
1-1: Fly out, F9 (Flyball, 9, EV 91.2 MPH)
Batting: RHB Nick Moreno 0-0: Ball
1-0: Ball
2-0: Ground out 6-3 (Groundball, 6, EV 105.6 MPH)
Batting: RHB Deshawn Boseman 0-0: Ball
1-0: Called Strike
1-1: Ball
2-1: Called Strike
2-2: Ground out 6-3 (Groundball, 6, EV 89.4 MPH)
Bottom of the 1st over - 0 runs, 0 hits, 0 errors, 1 left on base; Eugene 0 - Auburn 0
TOP OF THE 2ND
Eugene Emeralds batting - Pitching for Auburn Doubledays : RHP Jimmy Purscell
Batting: RHB Bill Holmes 0-0: Ball
1-0: Swinging Strike
1-1: Foul Ball, location: 2F
1-2: Ground out 6-3 (Groundball, 6S, EV 67.5 MPH)
Now at SS: Joe Young
Batting: RHB Mike Larson 0-0: Called Strike
0-1: Foul Ball, location: 2F
0-2: Foul Ball, location: 2F
0-2: Fly out, F9 (Flyball, 9, EV 85.0 MPH)
Batting: RHB David Bousfield 0-0: Ball
1-0: Fly out, F7 (Flyball, 7, EV 84.4 MPH)
Top of the 2nd over - 0 runs, 0 hits, 0 errors, 0 left on base; Eugene 0 - Auburn 0
BOTTOM OF THE 2ND
Auburn Doubledays batting - Pitching for Eugene Emeralds : RHP Luis Solis
Batting: RHB Antonio Vallez 0-0: Ball
1-0: Called Strike
1-1: Swinging Strike
1-2: Ball
2-2: Ball
3-2: Strikes out swinging
Batting: RHB Jim Towle 0-0: Ball
1-0: Called Strike
1-1: Foul Ball, location: 2F
1-2: Strikes out swinging
Batting: RHB Seth Rutz 0-0: Ball
1-0: Ball
2-0: Ball
3-0: Base on Balls
Batting: RHB Joe Young 0-0: Swinging Strike
0-1: Ball
1-1: Foul Ball, location: 2F
1-2: Foul Ball, location: 2F
1-2: Foul Ball, location: 2F
1-2: Ball
2-2: SINGLE (Groundball, 13S, EV 63.1 MPH) (infield hit)
Seth Rutz to second
Batting: RHB John Gibbs 0-0: Called Strike
0-1: Fielders Choice at 2nd, 6-4 (Groundball, 6, EV 98.8 MPH)
Bottom of the 2nd over - 0 runs, 1 hit, 0 errors, 2 left on base; Eugene 0 - Auburn 0
TOP OF THE 3RD
Eugene Emeralds batting - Pitching for Auburn Doubledays : RHP Jimmy Purscell
Batting: RHB Jorge Lagunas 0-0: Ball
1-0: Ball
2-0: Swinging Strike
2-1: Fly out, F8 (Line Drive, 8RD, EV 103.1 MPH)
Batting: RHB Dan Orozco 0-0: Called Strike
0-1: Foul Ball, location: 2F
0-2: Strikes out looking
Batting: RHB Du Kim 0-0: Ball
1-0: Called Strike
1-1: Called Strike
1-2: Fly out, F7 (Flyball, 7D, EV 85.6 MPH)
Top of the 3rd over - 0 runs, 0 hits, 0 errors, 0 left on base; Eugene 0 - Auburn 0
BOTTOM OF THE 3RD
Auburn Doubledays batting - Pitching for Eugene Emeralds : RHP Luis Solis
Batting: LHB Chris Williams 0-0: Ball
1-0: Ball
2-0: Called Strike
2-1: Ball
3-1: Base on Balls
Batting: LHB Bobby Adams 0-0: Ball
1-0: Foul Ball, location: 2F
1-1: Fly out, F7 (Line Drive, 7LS, EV 107.5 MPH)
Batting: RHB Nick Moreno 0-0: Called Strike
0-1: Swinging Strike
0-2: Fly out, F8 (Line Drive, 8LM, EV 92.5 MPH)
Batting: RHB Deshawn Boseman 0-0: Ball
1-0: Ball
2-0: Ball
3-0: Base on Balls
Chris Williams to second
Batting: RHB Antonio Vallez 0-0: Foul Ball, location: 2F
Balk!
Chris Williams to third
Deshawn Boseman to second
0-1: Fly out, F6 (Popup, 6M, EV 54.4 MPH)
Bottom of the 3rd over - 0 runs, 0 hits, 0 errors, 2 left on base; Eugene 0 - Auburn 0
TOP OF THE 4TH
Eugene Emeralds batting - Pitching for Auburn Doubledays : RHP Jimmy Purscell
Batting: RHB Ricky Ramirez 0-0: Foul Ball, location: 2F
0-1: Ball
1-1: DOUBLE (Flyball, 8RXD, EV 104.4 MPH)
Batting: RHB Mike Hill 0-0: Called Strike
0-1: Ball
1-1: Fly out, F8 (Flyball, 8RM, EV 84.4 MPH)
Batting: RHB Adrian Cox 0-0: Ball
1-0: Ball
2-0: Fly out, F5 (Line Drive, 5L, EV 74.4 MPH)
Batting: RHB Bill Holmes 0-0: Called Strike
0-1: Foul Ball, location: 2F
0-2: Strikes out swinging
Top of the 4th over - 0 runs, 1 hit, 0 errors, 1 left on base; Eugene 0 - Auburn 0
BOTTOM OF THE 4TH
Auburn Doubledays batting - Pitching for Eugene Emeralds : RHP Luis Solis
Batting: RHB Jim Towle 0-0: Ball
1-0: Ball
2-0: Ball
3-0: Called Strike
3-1: Swinging Strike
3-2: Base on Balls
Batting: RHB Seth Rutz 0-0: Ball
Jim Towle is caught stealing 2nd base 2-4
1-0: Swinging Strike
1-1: Called Strike
1-2: Ball
2-2: Ball
3-2: Foul Ball, location: 2F
3-2: Base on Balls
Batting: RHB Joe Young 0-0: Called Strike
0-1: Ball
1-1: Foul Ball, location: 2F
1-2: Strikes out looking
Batting: RHB John Gibbs 0-0: Ball
1-0: Ball
2-0: Ball
3-0: Called Strike
3-1: Swinging Strike
3-2: Strikes out looking
Bottom of the 4th over - 0 runs, 0 hits, 0 errors, 1 left on base; Eugene 0 - Auburn 0
TOP OF THE 5TH
Eugene Emeralds batting - Pitching for Auburn Doubledays : RHP Jimmy Purscell
Batting: RHB Mike Larson 0-0: Ball
1-0: Ground out 6-3 (Groundball, 56, EV 85.6 MPH)
Batting: RHB David Bousfield 0-0: Ball
1-0: Ground out 6-3 (Groundball, 6, EV 84.4 MPH)
Batting: RHB Jorge Lagunas 0-0: Ground out 5-3 (Groundball, 56S, EV 88.8 MPH)
Top of the 5th over - 0 runs, 0 hits, 0 errors, 0 left on base; Eugene 0 - Auburn 0
BOTTOM OF THE 5TH
Auburn Doubledays batting - Pitching for Eugene Emeralds : RHP Luis Solis
Pitching: RHP Reginald Bamber
Batting: LHB Chris Williams 0-0: Called Strike
0-1: Ball
1-1: Ball
2-1: Called Strike
2-2: Ball
3-2: Strikes out looking
Batting: LHB Bobby Adams 0-0: Swinging Strike
0-1: Foul Ball, location: 2F
0-2: Foul Ball, location: 2F
0-2: Ball
1-2: Strikes out looking
Batting: RHB Nick Moreno 0-0: Ball
1-0: Fly out, F7 (Flyball, 7D, EV 106.2 MPH)
Bottom of the 5th over - 0 runs, 0 hits, 0 errors, 0 left on base; Eugene 0 - Auburn 0
TOP OF THE 6TH
Eugene Emeralds batting - Pitching for Auburn Doubledays : RHP Jimmy Purscell
Batting: RHB Dan Orozco 0-0: Ball
1-0: Ball
2-0: Called Strike
2-1: Called Strike
2-2: Ball
3-2: Fly out, F9 (Line Drive, 9, EV 91.9 MPH)
Batting: RHB Du Kim 0-0: Fly out, F7 (Flyball, 7D, EV 70.0 MPH)
Batting: RHB Ricky Ramirez 0-0: Ball
1-0: Ball
2-0: Ball
3-0: Called Strike
3-1: Foul Ball, location: 2F
3-2: Foul Ball, location: 2F
3-2: Strikes out swinging
Top of the 6th over - 0 runs, 0 hits, 0 errors, 0 left on base; Eugene 0 - Auburn 0
BOTTOM OF THE 6TH
Auburn Doubledays batting - Pitching for Eugene Emeralds : RHP Reginald Bamber
Batting: RHB Deshawn Boseman 0-0: Called Strike
0-1: Foul Ball, location: 2F
0-2: Ground out 4-3 (Groundball, 4, EV 91.2 MPH)
Batting: RHB Antonio Vallez 0-0: Called Strike
0-1: Called Strike
0-2: Ball
1-2: Strikes out looking
Batting: RHB Jim Towle 0-0: Ball
1-0: Called Strike
1-1: Ball
2-1: SOLO HOME RUN (Line Drive, 78XD, EV 110.6 MPH), Distance : 434 ft
Pitching: LHP Wilhelm Myers
Batting: RHB Seth Rutz 0-0: Called Strike
0-1: Ball
1-1: Swinging Strike
1-2: Strikes out looking
Bottom of the 6th over - 1 run, 1 hit, 0 errors, 0 left on base; Eugene 0 - Auburn 1
TOP OF THE 7TH
Eugene Emeralds batting - Pitching for Auburn Doubledays : RHP Jimmy Purscell
Batting: RHB Mike Hill 0-0: Ground out 5-3 (Groundball, 5L, EV 85.0 MPH)
Batting: RHB Adrian Cox 0-0: Foul Ball, location: 2F
0-1: Swinging Strike
0-2: Ground out 6-3 (Groundball, 6M, EV 83.8 MPH)
Batting: RHB Bill Holmes 0-0: Called Strike
0-1: Called Strike
0-2: Foul Ball, location: 2F
0-2: Ball
1-2: Strikes out swinging
Top of the 7th over - 0 runs, 0 hits, 0 errors, 0 left on base; Eugene 0 - Auburn 1
BOTTOM OF THE 7TH
Auburn Doubledays batting - Pitching for Eugene Emeralds : LHP Wilhelm Myers
Batting: RHB Joe Young 0-0: Ground out 3-1 (Groundball, 34, EV 81.9 MPH)
Batting: RHB John Gibbs 0-0: Ground out 4-3 (Groundball, 4M, EV 81.2 MPH)
Batting: LHB Chris Williams 0-0: Reached on error, E5 (Popup, 56S, EV 78.8 MPH)
Batting: LHB Bobby Adams 0-0: Ground out U3 (Groundball, 3, EV 82.5 MPH)
Bottom of the 7th over - 0 runs, 0 hits, 1 error, 1 left on base; Eugene 0 - Auburn 1
TOP OF THE 8TH
Eugene Emeralds batting - Pitching for Auburn Doubledays : RHP Jimmy Purscell
Batting: RHB Mike Larson 0-0: Foul Ball, location: 2F
0-1: Swinging Strike
0-2: Ball
1-2: Ball
2-2: Ball
3-2: Foul Ball, location: 2F
3-2: Base on Balls
DELAY Rain delay of 43 minutes in the 8th inning.
Pitching: RHP Jordan Amaker
Batting: RHB David Bousfield 0-0: Bunted foul
0-1: Sac Bunt to P - play at first, batter OUT! 1-3
Mike Larson to second
Batting: LHB Emir Jalil 0-0: Ball
1-0: Swinging Strike
1-1: Ball
2-1: Ball
3-1: Foul Ball, location: 2F
3-2: Base on Balls
Batting: RHB Dan Orozco 0-0: Swinging Strike
0-1: Ball
1-1: Foul Ball, location: 2F
1-2: Strikes out swinging
Batting: RHB Du Kim 0-0: Ball
1-0: Called Strike
1-1: Called Strike
1-2: Fielders Choice at 2nd, 5-4 (Groundball, 56, EV 105.6 MPH)
Top of the 8th over - 0 runs, 0 hits, 0 errors, 2 left on base; Eugene 0 - Auburn 1
BOTTOM OF THE 8TH
Auburn Doubledays batting - Pitching for Eugene Emeralds : LHP Wilhelm Myers
Batting: RHB Nick Moreno 0-0: Ground out 5-3 (Groundball, 56, EV 81.9 MPH)
Batting: RHB Deshawn Boseman 0-0: Ball
1-0: Foul Ball, location: 2F
1-1: Ground out 5-3 (Groundball, 56S, EV 63.1 MPH)
Batting: RHB Antonio Vallez 0-0: DOUBLE (Flyball, 8RXD, EV 94.4 MPH)
Batting: RHB Jim Towle 0-0: Ball
1-0: Called Strike
1-1: Foul Ball, location: 2F
1-2: Strikes out looking
Bottom of the 8th over - 0 runs, 1 hit, 0 errors, 1 left on base; Eugene 0 - Auburn 1
TOP OF THE 9TH
Eugene Emeralds batting - Pitching for Auburn Doubledays : RHP Jordan Amaker
Pitching: RHP Oswaldo Vasquez
Batting: RHB Ricky Ramirez 0-0: Ball
1-0: SINGLE (Groundball, 6, EV 107.5 MPH)
Batting: RHB Mike Hill 0-0: Called Strike
0-1: Swinging Strike
0-2: Ball
1-2: Strikes out swinging
Batting: RHB Adrian Cox 0-0: Called Strike
0-1: Ball
1-1: Ball
2-1: Called Strike
2-2: SINGLE (Flyball, 8LS, EV 95.0 MPH)
Ricky Ramirez to second
Runner from 2nd tries for 3rd, SAFE, no throw by CF
Batting: RHB Bill Holmes 0-0: Ball
1-0: Ground out 5-3 (Groundball, P, EV 84.4 MPH)
Adrian Cox to second
Batting: RHB Mike Larson 0-0: Intentional Walk
Pinch Hitting: RHB Dave de Wolff 0-0: Foul Ball, location: 2F
0-1: Ball
Wild Pitch!
Ricky Ramirez scores
Adrian Cox to third
Mike Larson to second
1-1: Ball
2-1: Called Strike
2-2: Foul Ball, location: 2F
2-2: SINGLE (Groundball, 56D, EV 113.1 MPH) (infield hit)
Adrian Cox scores
Mike Larson to third
Batting: LHB Emir Jalil 0-0: Ball
1-0: Ball
2-0: Ball
3-0: Called Strike
3-1: Called Strike
3-2: Foul Ball, location: 2F
3-2: Ground out U3 (Groundball, 3L, EV 83.1 MPH)
Top of the 9th over - 2 runs, 3 hits, 0 errors, 2 left on base; Eugene 2 - Auburn 1
BOTTOM OF THE 9TH
Auburn Doubledays batting - Pitching for Eugene Emeralds : LHP Wilhelm Myers
Pitching: RHP Alberto Cabrera
Now at SS: Du Kim
Now in RF: Dave de Wolff
Batting: LHB Chance McWilliams 0-0: Ball
1-0: Ball
2-0: Foul Ball, location: 2F
2-1: Foul Ball, location: 2F
2-2: Ball
3-2: Foul Ball, location: 2F
3-2: Hit by Pitch
Batting: RHB Joe Young 0-0: Ball
1-0: Bunted foul
1-1: Bunted foul
1-2: Foul Ball, location: 2F
1-2: Ball
2-2: Strikes out swinging
Pinch Hitting: SHB Alex Medina 0-0: Ball
Wild Pitch!
Chance McWilliams to second
1-0: Ball
2-0: Foul Ball, location: 2F
2-1: Foul Ball, location: 2F
2-2: 2-RUN HOME RUN (Line Drive, 89XD, EV 111.9 MPH), Distance : 451 ft
Bottom of the 9th over - 2 runs, 1 hit, 0 errors, 0 left on base; Eugene 2 - Auburn 3
Tuesday, March 28th , 2023 - OOTP Baseball 23.10 Build 110